 Dungeon Crawl Stone Soup version 0.23-a0-622-g59b4ea9 (console) character file.

52 bli the Skirmisher (level 4, -6/36 HPs)
             Began as a Formicid Abyssal Knight on Dec 23, 2018.
             Was a Follower of Lugonu.
             Mangled by Crazy Yiuf
             ... wielding a +3 quarterstaff of chaos
              (12 damage)
             ... on level 2 of the Dungeon.
             The game lasted 00:04:38 (1554 turns).

bli the Skirmisher (Formicid Abyssal Knight)        Turns: 1554, Time: 00:04:39

Health: -6/36      AC:  3    Str: 17    XL:     4   Next: 8%
Magic:  5/5        EV: 11    Int: 11    God:    Lugonu [*.....]
Gold:   112        SH:  0    Dex: 11    Spells: 3/3 levels left

rFire    . . .     SeeInvis +   a - +1 hand axe
rCold    . . .     Gourm    .   (no shield)
rNeg     . . .     Faith    .   b - +0 leather armour
rPois    .         Spirit   .   (helmet unavailable)
rElec    .         Reflect  .   (no cloak)
rCorr    .         Harm     .   (no gloves)
MR       .....                  (no boots)
Stlth    +.........             (no amulet)
HPRegen  0.12/turn              (no ring)
MPRegen  0.09/turn              (no ring)

@: no status effects
A: permanent stasis, dig shafts and tunnels, four strong arms, antennae 3
a: Dig, Shaft Self, Depart the Abyss, Renounce Religion


You were on level 2 of the Dungeon.
You worshipped Lugonu.
Lugonu was aware of your devotion.
You were not hungry.

You visited 1 branch of the dungeon, and saw 2 of its levels.
You visited the Abyss 1 time.

You collected 112 gold pieces.

Inventory:

Hand Weapons
 a - a +1 hand axe (weapon)
Missiles
 h - 26 stones (quivered)
Armour
 b - a +0 leather armour (worn)
 i - a +0 scale mail
 j - a +0 ring mail
Jewellery
 d - an uncursed ring of stealth {unknown}
Scrolls
 k - 2 scrolls of identify {unknown}
 l - a scroll of remove curse {unknown}
 m - a scroll of blinking {unknown}
 o - a scroll of noise {unknown}
Potions
 e - a potion of heal wounds {unknown}
 f - a potion of brilliance {unknown}
 g - a potion of lignification {unknown}
 n - 2 potions of magic {unknown}
Comestibles
 c - 6 rations
 p - a chunk of flesh


   Skills:
 * Level 3.6 Fighting
 * Level 3.0 Axes
 + Level 3.0 Armour
 + Level 0.8 Dodging
 + Level 2.5 Invocations


You had 3 spell levels left.
You didn't know any spells.
Your spell library was empty.

Dungeon Overview and Level Annotations

Branches:
Dungeon (2/15)

Altars:

Annotations:
D:2 Crazy Yiuf


Innate Abilities, Weirdness & Mutations

You cannot be hasted, slowed, berserked, paralysed or teleported.
You can dig through walls and to a lower floor.
Your four strong arms can wield two-handed weapons with a shield.
You have a pair of large antennae on your head. (SInv)


Message History

You hit Crazy Yiuf but do no damage.
Crazy Yiuf is lightly wounded.
Crazy Yiuf closely misses you.
You hit Crazy Yiuf.
Crazy Yiuf is moderately wounded.
Crazy Yiuf hits you with a +3 quarterstaff of chaos!
Crazy Yiuf draws strength from your wounds!
You hit Crazy Yiuf.
Crazy Yiuf is moderately wounded.
Crazy Yiuf barely misses you.
You hit Crazy Yiuf.
Crazy Yiuf is severely wounded.
Crazy Yiuf hits you with a +3 quarterstaff of chaos.
You barely miss Crazy Yiuf.
Crazy Yiuf is severely wounded.
Crazy Yiuf hits you with a +3 quarterstaff of chaos!
You are electrocuted!
* * * LOW HITPOINT WARNING * * *
Crazy Yiuf hits you with a +3 quarterstaff of chaos!
You die...

#####.#### #......#
#.#.##.# #....#.#
##......# #.......#
# ###.....# ##
#..)..###.
♣♣♣♣♣##.......'. ###
♣♣♣.♣..#......###.
#...#♣@.♣..........#
##
#.(('g♣♣♣♣.........#
# #)..#♣♣
♣♣.#.....## # ###
♣♣##...## # ##### #
# ####### # #.#...#
# #...#.### #
#.......###
#..........


You could see Crazy Yiuf.

Vanquished Creatures
  An adder (D:2)
  2 oozes (D:2)
  A worm (D:2)
  A leopard gecko (D:1)
  4 bats
  4 giant cockroaches
  5 goblins
  3 hobgoblins (D:1)
  2 kobolds (D:1)
  2 frilled lizards
  4 rats
29 creatures vanquished.

Notes
Turn   | Place    | Note
-------+----------+-------------------------------------------
     0 | Abyss:1  | bli the Formicid Abyssal Knight began the quest for the
                  | Orb.
     0 | Abyss:1  | Reached XP level 1. HP: 18/18 MP: 2/2
   119 | Abyss:2  | Noticed a large abomination
   122 | D:1      | Escaped the Abyss
   206 | D:1      | Reached * piety under Lugonu
   310 | D:1      | Reached XP level 2. HP: 22/24 MP: 3/3
   710 | D:1      | Reached XP level 3. HP: 28/29 MP: 4/4
  1367 | D:2      | Reached XP level 4. HP: 26/36 MP: 5/5
  1541 | D:2      | Found a runed door.
  1545 | D:2      | Noticed Crazy Yiuf
  1554 | D:2      | Mangled by Crazy Yiuf

Vault maps used:
D:1:      dpeg_arrival_three_same_balls, minmay_tromino_mix6
D:2:      guppyfry_early_lair_pool, uniq_jessica, uniq_crazy_yiuf_cottage
Abyss:2:  evilmike_abyss_exit_mutagenic

Skill      XL: |  1  2  3 |
---------------+----------+-----
Armour         | 3 |  3.0
Axes           | 3 |  3.0
Fighting       | |  3.6
Dodging        | |  0.8
Invocations    | |  2.5

Action                   |  1- 3 |  4- 6 || total
-------------------------+-------+-------++-------
Melee: Hand axe          |    77 |     7 ||    84
Throw: Stone             |    16 |     2 ||    18
Invok: Depart the Abyss  |     1 |       ||     1
 Abil: Dig               |     2 |       ||     2
 Stab: Sleeping          |     1 |       ||     1
  Eat: Chunk             |     1 |     1 ||     2
Armor: Leather armour    |    15 |     1 ||    16
Dodge: Dodged            |    38 |     3 ||    41

Table legend:
 A = Non-vault XP
 B = Vault XP
 C = Vault XP percentage of total XP
 D = Non-vault monster count
 E = Vault monster count
 F = Vault count percentage of total count
                 A         B        C        D         E       F
            +---------+---------+-------+---------+---------+-------
      Total |      71 |       4 |   5.3 |      27 |       2 |   6.9
            +---------+---------+-------+---------+---------+-------
        D:1 |      28 |       4 |  12.5 |      16 |       2 |  11.1
        D:2 |      43 |       0 |   0.0 |      11 |       0 |   0.0
            +---------+---------+-------+---------+---------+-------
